Warning! The script has encountered some errors when parsing the replay. Please report them to the . » details
0x00, prev: 0x16: 16 02 0C 00 28 3D 00 00 4B EE 02 00 DF 34 00 00 3B 9C 00 00 04 4B 00 00 4C 18 02 00 6F 21 00 00 19 45 04 00 A3 3C 00 00 95 59 01 00 25 51 00 00 D2 B6 00 00 B3 52 00 00 E8 44 04 00 1C 53 00 00 93 FE 00 00 90 53 00 00 48 D1 00 00 F7 54 00 00 84 E9 01 00 EB 55 00 00 4B 1B 02 00 6D 58 00 00 FE 95 04 00 [00] 00 00 00 00 00 00 00 00 00 00 00 00 00 00 00 00 00 00 00 00 00 00 00 01 00
0x00, prev: 0x00: 16 02 0C 00 28 3D 00 00 4B EE 02 00 DF 34 00 00 3B 9C 00 00 04 4B 00 00 4C 18 02 00 6F 21 00 00 19 45 04 00 A3 3C 00 00 95 59 01 00 25 51 00 00 D2 B6 00 00 B3 52 00 00 E8 44 04 00 1C 53 00 00 93 FE 00 00 90 53 00 00 48 D1 00 00 F7 54 00 00 84 E9 01 00 EB 55 00 00 4B 1B 02 00 6D 58 00 00 FE 95 04 00 00 00 00 00 00 00 00 00 00 00 00 00 00 00 00 00 00 00 00 00 00 00 [00] 00 01 00
0x00, prev: 0x01: 16 02 0C 00 28 3D 00 00 4B EE 02 00 DF 34 00 00 3B 9C 00 00 04 4B 00 00 4C 18 02 00 6F 21 00 00 19 45 04 00 A3 3C 00 00 95 59 01 00 25 51 00 00 D2 B6 00 00 B3 52 00 00 E8 44 04 00 1C 53 00 00 93 FE 00 00 90 53 00 00 48 D1 00 00 F7 54 00 00 84 E9 01 00 EB 55 00 00 4B 1B 02 00 6D 58 00 00 FE 95 04 00 00 00 00 00 00 00 00 00 00 00 00 00 00 00 00 00 00 00 00 00 00 00 00 00 01 [00]
General information
- name: BNet
- type: Ladder team game (AT/RT)
- host: Battle.net
- saver: BLOODMAGE.COM
map: Typhoon
- players: 6
- length: 18:51
- speed: Fast
- version: 1.23 W3XP
- replay type: Public
» download(92 KB)
Players
team 1 (loser)
NWO-fighter (
purple | 143 APM | 2462 actions | 17:13)
2 Warden
1 Shadow Strike
1 Blink
» actions
| Assign group hotkey | 114 | |
| Basic commands | 385 | |
| Build / train | 41 | |
| Enter build submenu | 26 | |
| Enter hero's abilities submenu | 2 | |
| Remove unit from queue | 8 | |
| Right click | 943 | |
| Select / deselect | 437 | |
| Select group hotkey | 364 | |
| Use ability | 142 | |
2462 total
» units
| Wisp | 16 | |
| Glaive Thrower | 6 | |
| Archer | 5 | |
27 total
» upgrades
| Reinforced Hides | 1 | |
| Strength of the Wild | 0 | |
1 total
» buildings
| Altar of Elders | 2 | |
| Moon Well | 6 | |
| Hunter's Hall | 2 | |
| Ancient Protector | 9 | |
| Tree of Ages | 3 | |
| Ancient of War | 2 | |
| Tree of Life | 1 | |
25 total
» build order
00:03 Altar of Elders
00:08 Moon Well
01:02 Moon Well
01:04 Moon Well
01:40 Hunter's Hall
01:59 Moon Well
02:43 Ancient Protector
03:06 Tree of Ages
03:06 Tree of Ages
03:10 Ancient Protector
03:26 Moon Well
04:14 Moon Well
04:47 Ancient of War
04:48 Ancient of War
05:38 Tree of Life
05:44 Ancient Protector
05:47 Ancient Protector
11:07 Hunter's Hall
11:53 Altar of Elders
14:47 Ancient Protector
14:49 Ancient Protector
15:00 Ancient Protector
16:01 Ancient Protector
16:06 Ancient Protector

»
zsGreenTrees (
teal | 63 APM | 1080 actions | 17:13)
3 Death Knight
2 Death Coil
1 Unholy Aura
1 Crypt Lord
1 Impale
» actions
| Assign group hotkey | 26 | |
| Build / train | 39 | |
| ESC pressed | 6 | |
| Enter build submenu | 19 | |
| Enter hero's abilities submenu | 4 | |
| Right click | 490 | |
| Select / deselect | 151 | |
| Select group hotkey | 297 | |
| Use ability | 48 | |
1080 total
» units
| Acolyte | 2 | |
| Ghoul | 3 | |
| Crypt Fiend | 10 | |
| Frost Wyrm | 6 | |
21 total
» upgrades
| Creature Attack | 2 | |
| Creature Carapace | 2 | |
| Burrow | 1 | |
| Web | 1 | |
| Freezing Breath | 1 | |
7 total
» buildings
| Crypt | 2 | |
| Graveyard | 1 | |
| Altar of Darkness | 1 | |
| Ziggurat | 6 | |
| Tomb of Relics | 1 | |
| Halls of the Dead | 1 | |
| Black Citadel | 1 | |
| Sacrificial Pit | 1 | |
| Slaughterhouse | 1 | |
| Boneyard | 2 | |
17 total
» build order
00:13 Crypt
00:20 Crypt
00:34 Graveyard
00:48 Altar of Darkness
01:01 Ziggurat
01:41 Tomb of Relics
02:12 Ziggurat
02:26 Ziggurat
04:29 Halls of the Dead
07:11 Ziggurat
07:18 Black Citadel
08:07 Sacrificial Pit
08:11 Slaughterhouse
10:08 Boneyard
10:11 Boneyard
11:58 Ziggurat
11:59 Ziggurat
» items
| Rod of Necromancy | 1 | |
| Orb of Corruption | 1 | |
| Potion of Healing | 1 | |
3 total

»
wert1 (
orange | 30 APM | 514 actions | 17:13)
3 Warden
2 Shadow Strike
1 Blink
» actions
| Assign group hotkey | 2 | |
| Basic commands | 1 | |
| Build / train | 45 | |
| Enter build submenu | 23 | |
| Enter hero's abilities submenu | 3 | |
| Right click | 208 | |
| Select / deselect | 193 | |
| Use ability | 39 | |
514 total
» units
| Wisp | 14 | |
| Glaive Thrower | 8 | |
| Mountain Giant | 6 | |
28 total
» upgrades
| Vorpal Blades | 1 | |
| Strength of the Wild | 2 | |
| Reinforced Hides | 3 | |
| Resistant Skin | 1 | |
| Hardened Skin | 1 | |
8 total
» buildings
| Altar of Elders | 1 | |
| Ancient of War | 1 | |
| Moon Well | 8 | |
| Hunter's Hall | 2 | |
| Ancient of Wonders | 2 | |
| Tree of Ages | 1 | |
| Tree of Eternity | 1 | |
| Ancient of Lore | 3 | |
| Ancient of Wind | 2 | |
21 total
» build order
00:14 Altar of Elders
00:25 Ancient of War
00:37 Moon Well
01:38 Moon Well
02:07 Hunter's Hall
02:18 Hunter's Hall
02:39 Ancient of Wonders
03:02 Tree of Ages
05:05 Moon Well
05:46 Tree of Eternity
05:50 Ancient of Lore
07:28 Ancient of Lore
08:59 Ancient of Wonders
09:12 Moon Well
09:15 Moon Well
09:23 Moon Well
10:21 Moon Well
10:39 Ancient of Wind
10:52 Ancient of Lore
11:33 Moon Well
16:18 Ancient of Wind
team 2 (winner)
BLOODMAGE.COM (
blue | 90 APM | 1547 actions | 17:13)
4 Blood Mage
2 Flame Strike
2 Siphon Mana
3 Death Knight
1 Death Coil
2 Unholy Aura
2 Lich
1 Frost Nova
1 Dark Ritual
2 Crypt Lord
1 Spiked Carapace
1 Impale
1 Archmage
1 Brilliance Aura
» actions
| Assign group hotkey | 37 | |
| Basic commands | 26 | |
| Build / train | 72 | |
| ESC pressed | 2 | |
| Enter build submenu | 45 | |
| Enter hero's abilities submenu | 13 | |
| Right click | 476 | |
| Select / deselect | 212 | |
| Select group hotkey | 575 | |
| Use ability | 89 | |
1547 total
» units
| Peasant | 18 | |
| Crypt Fiend | 2 | |
| Obsidian Statue | 3 | |
| Frost Wyrm | 2 | |
| Sorceress | 3 | |
| Priest | 1 | |
| Spell Breaker | 3 | |
32 total
» upgrades
| Masonry | 1 | |
| Web | 1 | |
| Creature Attack | 2 | |
| Freezing Breath | 1 | |
5 total
» buildings
| Altar of Kings | 1 | |
| Farm | 7 | |
| Lumber Mill | 1 | |
| Scout Tower | 22 | |
| Guard Tower | 11 | |
| Arcane Tower | 3 | |
| Keep | 1 | |
| Black Citadel | 1 | |
| Ziggurat | 6 | |
| Sacrificial Pit | 1 | |
| Slaughterhouse | 1 | |
| Arcane Sanctum | 3 | |
| Boneyard | 3 | |
| Arcane Vault | 1 | |
| Castle | 1 | |
63 total
» build order
00:08 Altar of Kings
00:11 Farm
00:36 Lumber Mill
01:18 Farm
01:54 Scout Tower
01:56 Scout Tower
02:24 Guard Tower
02:35 Scout Tower
02:40 Scout Tower
02:54 Scout Tower
03:03 Scout Tower
03:08 Guard Tower
03:10 Scout Tower
03:12 Guard Tower
03:22 Scout Tower
03:24 Guard Tower
03:27 Scout Tower
03:33 Guard Tower
03:41 Scout Tower
03:42 Scout Tower
03:44 Scout Tower
03:50 Guard Tower
03:54 Scout Tower
03:59 Guard Tower
04:03 Farm
04:18 Arcane Tower
04:40 Guard Tower
04:44 Arcane Tower
05:00 Scout Tower
05:01 Scout Tower
05:04 Scout Tower
05:05 Scout Tower
05:37 Guard Tower
05:46 Scout Tower
05:47 Scout Tower
06:15 Guard Tower
06:35 Keep
06:39 Scout Tower
06:39 Scout Tower
06:41 Scout Tower
07:04 Black Citadel
07:07 Ziggurat
07:08 Ziggurat
07:21 Guard Tower
07:58 Sacrificial Pit
08:10 Slaughterhouse
08:12 Ziggurat
08:12 Ziggurat
09:28 Arcane Sanctum
09:28 Arcane Sanctum
09:35 Boneyard
09:36 Boneyard
09:39 Boneyard
10:20 Farm
10:20 Farm
10:21 Farm
10:22 Farm
10:51 Ziggurat
10:53 Ziggurat
12:58 Arcane Sanctum
13:01 Arcane Vault
17:01 Castle
» items
Death5cythe (
yellow | 32 APM | 212 actions | 06:42)
1 Crypt Lord
1 Impale
» actions
| Assign group hotkey | 6 | |
| Build / train | 14 | |
| Enter build submenu | 8 | |
| Enter hero's abilities submenu | 1 | |
| Right click | 102 | |
| Select / deselect | 43 | |
| Select group hotkey | 24 | |
| Use ability | 14 | |
212 total
» units
| Acolyte | 2 | |
| Ghoul | 3 | |
| Crypt Fiend | 4 | |
9 total
» buildings
| Crypt | 2 | |
| Altar of Darkness | 1 | |
| Ziggurat | 3 | |
| Graveyard | 1 | |
| Nerubian Tower | 1 | |
| Tomb of Relics | 1 | |
| Halls of the Dead | 1 | |
10 total
» build order
00:09 Crypt
00:13 Altar of Darkness
00:45 Ziggurat
01:05 Graveyard
01:35 Ziggurat
01:45 Nerubian Tower
02:07 Tomb of Relics
04:04 Crypt
04:30 Halls of the Dead
05:22 Ziggurat
» items
jbanga (
pink | 10 APM | 66 actions | 06:39)
1 Far Seer
1 Feral Spirit
» actions
| Build / train | 11 | |
| Enter build submenu | 8 | |
| Enter hero's abilities submenu | 1 | |
| Right click | 13 | |
| Select / deselect | 25 | |
| Use ability | 8 | |
66 total
» units
» buildings
| Altar of Storms | 1 | |
| Orc Burrow | 3 | |
| Barracks | 2 | |
| War Mill | 1 | |
| Stronghold | 1 | |
8 total
» build order
00:15 Altar of Storms
00:48 Orc Burrow
01:26 Barracks
02:17 Orc Burrow
03:04 War Mill
03:25 Barracks
04:19 Stronghold
04:48 Orc Burrow
Chat log
(01:41 / Allies) Death5cythe: sup
(03:48 / Allies) Death5cythe: brt
(04:50 / Allies) BLOODMAGE.COM: lure them to towers
(05:09 / Allies) BLOODMAGE.COM: dont fight away from towers
(05:27 / Allies) BLOODMAGE.COM: why would you tech
(05:29 / Allies) BLOODMAGE.COM: fucking ballwasher noob
(05:33 / Allies) BLOODMAGE.COM: i hope he kills your whole base
(05:47 / Allies) Death5cythe: wow b
(05:49 / Allies) Death5cythe: pink
(06:02 / All) BLOODMAGE.COM: shiteating pink threw the game
(06:03 / All) BLOODMAGE.COM: "gg"
(06:47 / All) BLOODMAGE.COM: fucking trash noobs
(06:50 / All) BLOODMAGE.COM: god
(06:54 / All) BLOODMAGE.COM: u try to do something interesting once
(14:28 / All) NWO-fighter: TP!!!!
(17:13 / All) BLOODMAGE.COM: H